 Dungeon Crawl Stone Soup version 0.27-a0-96-gb51a1d6fd6 (webtiles) character file.

Game seed: 16572857145230285636

22175 hehateme the Geomancer (level 12, -2/76 HPs)
             Began as a Gargoyle Earth Elementalist on Jan 20, 2021.
             Was the Champion of Okawaru.
             Slain by an eight-headed hydra (13 damage)
             ... on level 3 of the Lair of Beasts.
             The game lasted 00:48:55 (24591 turns).

hehateme the Geomancer (GrEE)                      Turns: 24591, Time: 00:48:55

Health: -2/76      AC: 15    Str: 13    XL:     12   Next: 97%
Magic:  24/24      EV: 12    Int: 20    God:    Okawaru [******]
Gold:   801        SH:  0    Dex:  7    Spells: 18/27 levels left

rFire    + + .     SeeInvis .   Z - +9 rapier "Cavorgh" {venom, rF++ Dex-3}
rCold    + . .     Faith    .   (no shield)
rNeg     + . .     Spirit   .   T - +2 robe {rC+} {rC+}
rPois    ∞         Reflect  .   p - +1 helmet
rElec    +         Harm     .   E - +0 cloak
rCorr    .         Rampage  .   (no gloves)
Will     .....                  (no boots)
Stlth    ++........             (no amulet)
HPRegen  0.22/turn              (no ring)
MPRegen  0.19/turn              (no ring)

@: no status effects
A: negative energy resistance 1, electricity resistance, unbreathing,
petrification resistance, miasma immunity, AC +8
a: Renounce Religion, Heroism, Finesse


You were on level 3 of the Lair of Beasts.
You worshipped Okawaru.
Okawaru was exalted by your worship.
You visited 3 branches of the dungeon, and saw 15 of its levels.

You collected 801 gold pieces.

Inventory:

Hand Weapons
 C - a +0 war axe
 Z - the +9 rapier "Cavorgh" (weapon) {venom, rF++ Dex-3}
   (You found it on level 1 of the Lair of Beasts)

   It poisons the flesh of those it strikes.
   It affects your dexterity (-3).
   It greatly protects you from fire.
Missiles
 m - 44 poisoned darts
 q - 180 sling bullets
 u - 16 boomerangs
 D - 13 atropa-tipped darts
 M - 2 throwing nets {=f}
 Q - 133 stones
 S - 8 silver boomerangs
Armour
 c - a +0 robe
 p - a +1 helmet (worn)
 E - a +0 cloak (worn)
 T - a +2 robe of cold resistance (worn) {rC+}
Jewellery
 s - an uncursed amulet of guardian spirit {unknown}
 x - an uncursed ring of stealth {Stlth+}
 z - an uncursed ring of wizardry {unknown}
 B - a -4 ring of strength
 I - an uncursed amulet of faith {unknown}
 J - an uncursed ring of willpower {unknown}
 N - an uncursed ring of wizardry {unknown}
 U - an uncursed ring of wizardry {unknown}
Wands
 e - a wand of disintegration (12)
 v - a wand of paralysis (22)
 w - a wand of acid (9)
 y - a wand of enslavement (18)
 G - a wand of iceblast (6)
Scrolls
 a - 5 scrolls of remove curse
 d - 3 scrolls of noise {!r}
 i - 3 scrolls of random uselessness
 k - 3 scrolls of magic mapping {!r}
 r - 17 scrolls of identify {unknown}
 t - 3 scrolls of teleportation
 H - 3 scrolls of enchant armour
 L - 3 scrolls of vulnerability {unknown}
 R - 2 scrolls of fog
 X - 2 scrolls of blinking {unknown}
 Y - a scroll of summoning {unknown}
Potions
 b - 3 potions of might {unknown}
 f - 3 potions of flight {unknown}
 g - 4 potions of attraction {unknown}
 h - 7 potions of curing {unknown}
 l - a potion of berserk rage {unknown}
 n - a potion of ambrosia {unknown}
 o - 3 potions of brilliance {unknown}
 F - 2 potions of resistance {unknown}
 K - 3 potions of degeneration {unknown}
 O - 2 potions of mutation {unknown}
 P - 2 potions of cancellation {unknown}
 V - a potion of haste


   Skills:
 + Level 9.5 Fighting
 - Level 9.7 Axes
 - Level 1.5 Dodging
 - Level 2.1 Stealth
 + Level 8.3 Spellcasting
 * Level 7.6 Conjurations
 * Level 5.4 Transmutations
 - Level 12.4 Earth Magic


You had 18 spell levels left.
You knew the following spells:

 Your Spells              Type           Power        Failure   Level
a - Sandblast             Erth           100%         1%          1
x - Stone Arrow           Conj/Erth      96%          1%          3
z - Lee's Rapid Deconstr  Erth           27%          1%          5

Your spell library contained the following spells:

 Spells                   Type           Power        Failure   Level
 Magic Dart               Conj           100%         1%          1
 Passwall                 Tmut/Erth      36%          1%          2
 Petrify                  Tmut/Erth      44%          1%          4
 Conjure Flame            Conj/Fire      23%          5%          3
 Freeze                   Ice            32%          9%          1
 Mephitic Cloud           Conj/Pois/Air  18%          9%          3
 Blink                    Tloc           N/A          13%         2
 Call Imp                 Summ           8%           13%         2
 Slow                     Hex            8%           13%         2
 Irradiate                Conj/Tmut      17%          16%         5
 Hailstorm                Conj/Ice       23%          17%         4
 Frozen Ramparts          Ice            16%          26%         3
 Ozocubu's Armour         Ice            8%           26%         3
 Summon Ice Beast         Ice/Summ       8%           63%         4
 Hydra Form               Tmut           14%          80%         6
 Dragon Form              Tmut           14%          100%        7
 Statue Form              Tmut/Erth      Unusable     N/A         6

Dungeon Overview and Level Annotations

Branches:
Dungeon (11/15)            Temple (1/1) D:4            Lair (3/6) D:8
  Swamp (0/4) Lair:2
  Snake: Lair:2-4    Spider: Lair:2-4       Orc: D:9-12

Altars:
Ashenzari
Cheibriados
Dithmenos
Elyvilon
Fedhas
Gozag
Hepliaklqana
Makhleb
Nemelex Xobeh
Okawaru
Qazlal
Ru
Sif Muna
Trog
Uskayaw
Vehumet
Wu Jian
Xom
Yredelemnul
Zin
The Shining One

Shops:
D:9 ((?   D:11 [

Annotations:
D:6 Prince Ribbit
D:7 2 transporters, Sweetruy1997's ghost, novice DsCK
D:8 exclusion: orange crystal statue
D:10 exclusion: orc warrior
Lair:3 1 runed translucent door, tinescath's ghost, journeyman DEFE


Innate Abilities, Weirdness & Mutations

You are resistant to torment.
Your stone body is resilient. (AC +8)
You are immune to poison.
You resist negative energy. (rN+)
You are resistant to electric shocks. (rElec)
You can survive without breathing.
You are immune to petrification.
You are immune to miasma.


Message History

The elephant barely misses you.
A nearby plant withers and dies.
The eight-headed hydra bites you but does no damage.
The eight-headed hydra bites you!
* * * LOW HITPOINT WARNING * * *
The eight-headed hydra barely misses you.
The eight-headed hydra bites you.
* * * LOW HITPOINT WARNING * * *
The eight-headed hydra bites you but does no damage. x3
The eight-headed hydra closely misses you.
You take 12 damage, and have 4/76 hp.
You feel much better.
The eight-headed hydra bites you but does no damage.
The eight-headed hydra barely misses you.
The eight-headed hydra bites you but does no damage. x3
The eight-headed hydra bites you!
* * * LOW HITPOINT WARNING * * *
The eight-headed hydra barely misses you.
The eight-headed hydra bites you!
You die...

... ..................
...... ........##...#.#.
...... ......P#####.#YY
....#.# #.#...# ######..
#...#.##.#...###...###.
#./.......#...#.....#.Y
.#.....Y.Y...+........Y
#...#..D.##....#...#.P.
#P..#P@####........#.#.
.............(P..#P###..
...............##### P..
........<......###.##...
........................
........................
.P..#.#.#F..............
..P#.#####..............
. #. #.....###.+##..

Skill      XL: |  1  2  3  4  5  6  7  8  9 10 11 12 |
---------------+-------------------------------------+-----
Earth Magic    | 4 5 6 7 9 11 12 | 12.4
Fighting       | 1 2 3 4 6 7 8 9 |  9.5
Axes           | 1 2 3 4 5 7 8 9 |  9.7
Spellcasting   | 3 4 5 6 7 8 |  8.3
Conjurations   | 1 2 4 7 |  7.6
Transmutations | 2 5 |  5.4
Dodging        | |  1.5
Stealth        | |  2.1

Notes
Turn   | Place    | Note
-------+----------+-------------------------------------------
     0 | D:1      | hehateme the Gargoyle Earth Elementalist began the quest
                  | for the Orb.
     0 | D:1      | Reached XP level 1. HP: 10/10 MP: 3/3
   599 | D:1      | Reached XP level 2. HP: 16/16 MP: 3/5
   952 | D:2      | Reached skill level 4 in Earth Magic
  1179 | D:2      | Found a glowing silver altar of Zin.
  1867 | D:3      | Reached skill level 1 in Fighting
  1881 | D:3      | Found a faded altar of an unknown god.
  1935 | D:3      | Reached XP level 3. HP: 20/20 MP: 0/6
  2315 | D:4      | Reached skill level 1 in Axes
  2384 | D:4      | Found a staircase to the Ecumenical Temple.
  2396 | Temple   | Entered the Ecumenical Temple
  2504 | Temple   | Became a worshipper of Warmaster Okawaru
  2762 | D:4      | Reached XP level 4. HP: 25/25 MP: 3/7
  2959 | D:4      | Reached XP level 5. HP: 28/30 MP: 2/8
  3148 | D:4      | Found a bloodstained altar of Trog.
  3148 | D:4      | Found a broken altar of Ashenzari.
  3212 | D:4      | Reached skill level 2 in Fighting
  3212 | D:4      | Reached skill level 2 in Axes
  3212 | D:4      | Reached skill level 5 in Earth Magic
  4301 | D:5      | Entered Level 5 of the Dungeon
  4360 | D:5      | Noticed a centaur
  4612 | D:4      | Reached XP level 6. HP: 27/35 MP: 7/10
  4684 | D:5      | Reached * piety under Okawaru
  4685 | D:5      | Reached skill level 3 in Spellcasting
  5439 | D:5      | Identified the +6 hunting sling of Zin's Respect {venom,
                  | rC++ Str+4 Int+2 Stlth-}
  5443 | D:5      | Reached skill level 3 in Axes
  5498 | D:4      | Learned a level 3 spell: Stone Arrow
  6012 | D:5      | Reached skill level 1 in Conjurations
  6012 | D:5      | Reached XP level 7. HP: 31/40 MP: 8/11
  6212 | D:5      | Found a sacrificial altar of Ru.
  6398 | D:5      | Reached skill level 3 in Fighting
  6879 | D:4      | Reached skill level 2 in Conjurations
  7371 | D:6      | Reached skill level 4 in Axes
  7657 | D:6      | Reached skill level 6 in Earth Magic
  8092 | D:6      | Reached XP level 8. HP: 48/48 MP: 4/13
  8460 | D:6      | Noticed Prince Ribbit
  8696 | D:7      | Reached ** piety under Okawaru
  8811 | D:7      | Reached skill level 4 in Fighting
  8815 | D:6      | Reached skill level 4 in Spellcasting
  9087 | D:7      | Reached skill level 7 in Earth Magic
  9562 | D:7      | Noticed Sweetruy1997's ghost (novice DsCK)
  9563 | D:7      | Found a transporter.
  9565 | D:7      | Found a transporter.
  9801 | D:7      | Found an ornate altar of the Wu Jian Council.
  9809 | D:7      | Reached skill level 5 in Axes
 10320 | D:8      | Noticed a komodo dragon
 10598 | D:8      | Reached XP level 9. HP: 53/53 MP: 9/15
 10603 | D:8      | Reached skill level 8 in Earth Magic
 11205 | D:8      | Reached skill level 5 in Fighting
 11234 | D:8      | Reached skill level 6 in Axes
 11404 | D:8      | Reached *** piety under Okawaru
 11444 | D:8      | Found a staircase to the Lair.
 11484 | D:8      | Reached skill level 5 in Spellcasting
 11742 | D:7      | Reached skill level 9 in Earth Magic
 12180 | D:8      | Killed a komodo dragon
 12338 | D:8      | Noticed an orange crystal statue
 12353 | D:8      | Reached skill level 7 in Axes
 12594 | D:9      | Reached **** piety under Okawaru
 12855 | D:9      | Found Gayruirgho's Antique Weapon Emporium.
 12875 | D:9      | Noticed a +0 dagger
 12878 | D:9      | Noticed a +0 dagger
 12879 | D:9      | Found a hide-covered altar of Uskayaw.
 12931 | D:9      | Found Idaext's Magic Scroll Shoppe.
 12972 | D:9      | Found Paahyody's Weapon Emporium.
 13061 | D:9      | Found a shimmering blue altar of Sif Muna.
 13068 | D:9      | Reached skill level 6 in Fighting
 13068 | D:9      | Reached XP level 10. HP: 60/60 MP: 15/18
 13413 | D:9      | Noticed Pikel
 14118 | D:10     | Entered Level 10 of the Dungeon
 14192 | D:9      | Killed Pikel
 14193 | D:9      | Reached skill level 10 in Earth Magic
 14473 | D:10     | Reached skill level 8 in Axes
 14520 | D:10     | Reached skill level 6 in Spellcasting
 14643 | D:10     | Reached ***** piety under Okawaru
 14780 | D:10     | Noticed a two-headed ogre
 14798 | D:10     | Killed a two-headed ogre
 14799 | D:10     | Reached skill level 7 in Fighting
 14799 | D:10     | Reached skill level 11 in Earth Magic
 15159 | D:10     | Reached XP level 11. HP: 67/67 MP: 14/20
 16034 | D:10     | HP: 15/67 [something (7)]
 16422 | D:11     | Noticed Joseph
 16582 | D:11     | Reached skill level 9 in Axes
 16750 | D:11     | Noticed Nergalle
 16769 | D:11     | Killed Nergalle
 17062 | D:11     | Killed Joseph
 17394 | D:11     | Found Revisti's Armour Shop.
 17781 | D:11     | Noticed a cyclops
 17786 | D:11     | Noticed Harold
 17789 | D:11     | Killed a cyclops
 17789 | D:11     | Received a gift from Okawaru
 17790 | D:11     | Reached skill level 12 in Earth Magic
 17801 | D:11     | Noticed Josephine
 17802 | D:11     | HP: 17/68 [Harold/+0 trident (9)]
 18321 | D:11     | Killed Harold
 18322 | D:11     | Reached skill level 7 in Spellcasting
 18357 | D:11     | Killed Josephine
 18358 | D:11     | Reached skill level 8 in Fighting
 18861 | Lair:1   | Entered Level 1 of the Lair of Beasts
 18901 | Lair:1   | Reached skill level 1 in Transmutations
 19136 | Lair:1   | Found an ornate altar of the Wu Jian Council.
 19152 | Lair:1   | Reached skill level 3 in Conjurations
 19176 | Lair:1   | Reached ****** piety under Okawaru
 19355 | Lair:1   | Received a gift from Okawaru
 19375 | Lair:1   | Reached skill level 2 in Transmutations
 19472 | Lair:1   | Reached skill level 4 in Conjurations
 19472 | Lair:1   | Reached XP level 12. HP: 63/75 MP: 18/23
 20031 | Lair:1   | Reached skill level 3 in Transmutations
 20216 | Lair:1   | Reached skill level 5 in Conjurations
 20480 | Lair:1   | HP: 16/75 [rime drake/flash freeze (10)]
 20860 | Lair:1   | Got a jewelled rapier
 20883 | Lair:1   | Identified the +9 rapier "Cavorgh" {venom, rF++ Dex-3} (You
                  | found it on level 1 of the Lair of Beasts)
 21165 | D:8      | Learned a level 5 spell: Lee's Rapid Deconstruction
 21340 | Lair:1   | Reached skill level 9 in Fighting
 21545 | Lair:2   | Reached skill level 4 in Transmutations
 21672 | Lair:2   | Reached skill level 6 in Conjurations
 21769 | Lair:2   | Found a staircase to the Swamp.
 22011 | Lair:2   | HP: 18/76 [blink frog (10)]
 22027 | Lair:2   | Received a gift from Okawaru
 22415 | Lair:2   | Reached skill level 8 in Spellcasting
 23278 | Lair:2   | Reached skill level 7 in Conjurations
 23733 | Lair:3   | Reached skill level 5 in Transmutations
 24448 | Lair:3   | Found a runed translucent door.
 24450 | Lair:3   | Noticed tinescath's ghost (journeyman DEFE)
 24518 | Lair:3   | Noticed an eight-headed hydra
 24579 | Lair:3   | HP: 14/76 [cane toad (19)]
 24590 | Lair:3   | HP: 5/76 [eight-headed hydra (11)]
 24591 | Lair:3   | Slain by an eight-headed hydra

Table legend: (Time is in decaauts)
 A = Elapsed time spent in this place.
 B = Non-inter-level travel time spent in this place.
 C = Inter-level travel time spent in this place.
 D = Time resting spent in this place.
 E = Time spent auto-exploring this place.
 F = Levels seen in this place.
 G = Mean time per level.
                   A        B        C        D        E       F      G
               +--------+--------+--------+--------+--------+-----+--------+
         Total |  24701 |  23637 |   1064 |   9916 |  10304 |  15 | 1646.7 |
       Dungeon |  19049 |  18133 |    916 |   7223 |   8205 |  11 | 1731.7 |
        Temple |    125 |     74 |     51 |      0 |     72 |   1 |  125.0 |
          Lair |   5526 |   5429 |     97 |   2693 |   2026 |   3 | 1842.0 |
               +--------+--------+--------+--------+--------+-----+--------+

Top non-repeatable levels by time:
  Lair:1: 2698 daAuts
  Lair:2: 2484 daAuts
     D:7: 2414 daAuts
     D:4: 2387 daAuts
     D:9: 2334 daAuts
     D:5: 2325 daAuts
    D:11: 2073 daAuts
    D:10: 1918 daAuts
     D:8: 1641 daAuts
     D:6: 1522 daAuts
     D:2: 868 daAuts
     D:1: 801 daAuts
     D:3: 761 daAuts
  Lair:3: 343 daAuts
  Temple: 125 daAuts

Table legend:
 A = Kills in this place as a percentage of kills in entire the game.
 B = Kills by you in this place as a percentage of kills by you in the entire game.
 C = Kills by friends in this place as a percentage of kills by friends in the entire game.
 D = Other kills in this place as a percentage of other kills in the entire game.
 E = Experience gained in this place as a percentage of experience gained in the entire game.
 F = Experience gained in this place divided by the number of levels of this place that you have seen.
                   A       B       C       D       E      F
               +-------+-------+-------+-------+-------+----------------------
         Total | 100.0 | 100.0 |   N/A | 100.0 | 100.0 | 2111.9
       Dungeon |  79.4 |  79.3 |   N/A | 100.0 |  53.0 | 1526.5
          Lair |  20.6 |  20.7 |   N/A |   0.0 |  47.0 | 4962.3
               +-------+-------+-------+-------+-------+----------------------

Action                   |  1- 3 |  4- 6 |  7- 9 | 10-12 || total
-------------------------+-------+-------+-------+-------++-------
Melee: Hand axe          |     2 |     2 |    36 |       ||    40
       War axe           |       |       |       |   157 ||   157
       Rapier            |       |       |       |    82 ||    82
Throw: Stone             |     4 |       |       |       ||     4
 Cast: Sandblast         |    38 |    79 |   250 |   204 ||   571
       Stone Arrow       |       |       |     5 |    68 ||    73
       Lee's Rapid Decon |       |       |       |    34 ||    34
Invok: Heroism           |       |       |       |     1 ||     1
Evoke: Wand              |       |       |     4 |    18 ||    22
  Use: Scroll            |       |     2 |     8 |     5 ||    15
       Potion            |       |       |       |     1 ||     1
 Stab: Paralysed         |       |       |       |    14 ||    14
Armor: Robe              |     8 |    16 |    76 |   219 ||   319
Dodge: Dodged            |    13 |    37 |   159 |   272 ||   481

Vanquished Creatures
  Josephine (D:11)
  Harold (D:11)
  A two-headed ogre (D:10)
  Nergalle (D:11)
  Pikel (D:9)
  A lindwurm (Lair:2)
  A cyclops (D:11)
  2 black mambas (Lair:1)
  Joseph (D:11)
  4 cane toads
  2 centaur skeletons (D:10)
  A rime drake (Lair:1)
  7 komodo dragons
  3 trolls
  A polar bear (Lair:1)
  3 blink frogs (Lair:2)
  4 wraiths (D:11)
  36 yaks
  2 basilisks
  9 water moccasins
  3 ice beasts
  2 orc warriors
  3 sky beasts
  2 black bears
  3 wolves (Lair:1)
  2 ogres
  2 phantoms
  3 centaurs
  A lemure (D:9)
  11 bullfrogs
  A wyvern zombie (D:10)
  A water moccasin zombie (D:11)
  A wyvern skeleton (D:9)
  9 killer bees
  2 scorpions
  4 wights (D:6)
  4 electric eels (D:10)
  4 howler monkeys (D:10)
  A bullfrog zombie (D:10)
  2 jellies
  A quasit (D:9)
  2 bullfrog skeletons
  2 gnoll shamans
  4 hounds
  7 orc priests
  3 orc wizards
  3 iguanas
  10 worker ants
  4 hound skeletons
  A howler monkey zombie (D:8)
  9 adders
  18 gnolls
  9 river rats (D:5)
  A howler monkey skeleton (D:11)
  A shadow imp (D:5)
  2 white imps
  2 ufetubi
  2 oozes
  2 adder skeletons
  2 worms
  2 leopard geckos
  26 orcs
  2 goblins
  3 hobgoblins (D:1)
  8 jackals
  9 quokkas
  2 bats
  2 frilled lizards
  A jackal skeleton (D:4)
  3 kobolds
  2 leopard gecko skeletons
  13 rats
301 creatures vanquished.

Vanquished Creatures (others)
  An orc wizard (D:8)
  59 fungi
  65 plants
125 creatures vanquished.

Grand Total: 426 creatures vanquished You could see an eight-headed hydra, 2 elephants and a cane toad.

Levels and vault maps discovered:
D:1:      dpeg_arrival_boxorama, layout_basic
D:2:      cheibrodos_old_hovel, layout_loops_corners, zin_statuary,
          hangedman_abyss_or_decor_lesser_grid
D:3:      layout_basic, chequers_ecumenical_altar_twisty, minmay_lizard_king
D:4:      layout_loops_ring, gammafunk_temple_overflow_pools,
          minmay_temple_entry_gardened_gates
D:5:      lemuel_ratsnest, layout_rooms, general_overflow_altar
D:6:      layout_basic, lemuel_round_altar, uniq_prince_ribbit1
D:7:      layout_basic, nzn_wu_jian_contemplation, gammafunk_ghost_smash,
          chequers_serial_rivers_micro_d
D:8:      minmay_statue_hallways, layout_loops_ring,
          due_lair_maze_entry_diamond, mumra_transporter_accident
D:9:      lemuel_ice_spiral_2, layout_basic, kennysheep_mini,
          dancing_weapons_uskayaw, serial_shops,
          nicolae_shop_temple_entry_statues_fountains, shop, shop_statue, shop,
          moated_statue, uniq_pikel
D:10:     layout_roguey, erik_orc_2
D:11:     layout_long_grid, serial_shops, shop, minmay_sticks_and_stones,
          uniq_josephine, uniq_harold, uniq_nergalle
Temple:   zaba_magenta_temple
Lair:1:   layout_regular_city, basic_altar, grunt_megastairs_4
Lair:2:   layout_regular_city, swamp_mist_pool, nicolae_volcano_entry_vermiform,
          chequers_serial_rivers_large_a, chequers_serial_rivers_micro_b
Lair:3:   layout_regular_city, ebering_ghost_reflecting_pool
